 Dungeon Crawl Stone Soup version 0.30-a0-760-g5a9884bb7c (webtiles) character file.

Game seed: 8686199446664777410

19 sircluck the Sneak (level 2, 0/19 HPs)
             Began as an Octopode Brigand on Feb 10, 2023.
             Constricted to death by a ball python (1 damage)
             ... on level 2 of the Dungeon.
             The game lasted 00:00:44 (207 turns).

sircluck the Sneak (Octopode Brigand)                Turns: 207, Time: 00:00:45

Health: 0/19       AC:  1    Str: 10    XL:     2   Next: 75%
Magic:  2/2        EV:  9    Int: 13    God:
Gold:   0          SH:  0    Dex: 13    Spells: 1/1 levels left

rFire   . . .      SeeInvis .    a - +2 dagger
rCold   . . .      Faith    .    (no shield)
rNeg    . . .      Spirit   .    (helmet restricted)
rPois   .          Reflect  .    (no amulet)
rElec   .          Harm     .    (no ring)
rCorr   .          Rampage  .    (no ring)
Will    .....                    (no ring)
Stlth   ++++                     (no ring)
HPRegen 0.23/turn                (no ring)
MPRegen 0.08/turn                (no ring)
                                 (no ring)
                                 (no ring)

@: constricted
A: almost no armour, amphibious, 8 rings, camouflage 1, gelatinous body 1,
(nimble swimmer 1), tentacles
a: no special abilities


You were on level 2 of the Dungeon.
You visited 1 branch of the dungeon, and saw 2 of its levels.

Inventory:

Hand Weapons
 a - a +2 dagger (weapon)
Missiles
 b - 9 poisoned darts (quivered)
 c - 3 curare-tipped darts
Scrolls
 d - a scroll of identify {unknown}
 f - a scroll of blinking {unknown}
Potions
 e - a potion of curing {unknown}
 g - a potion of mutation {unknown}


   Skills:
 + Level 2.1 Fighting
 + Level 2.0 Short Blades
 + Level 2.0 Throwing
 + Level 1.0 Dodging
 + Level 6.3 Stealth


You had one spell level left.
You didn't know any spells.
Your spell library was empty.

Dungeon Overview and Level Annotations

Branches:
Dungeon (2/15)

Altars:


Innate Abilities, Weirdness & Mutations

You cannot wear most types of armour.
You are amphibious.
You can wear up to eight rings at the same time.
Your skin changes colour to match your surroundings (Stealth+).
Your rubbery body absorbs attacks. (AC +1, EV +1)
((You are camouflaged when in or above water. (Stealth+)))
You have tentacles for arms and can constrict up to eight enemies at once.


Message History

Your surroundings seem slightly different.
Found a leather armour.
The helpless gnoll fails to defend itself.
You impale the gnoll!!
You kill the gnoll!
The gnoll shouts! x2; You hear an angry hiss.
Your Stealth skill increases to level 6!
The gnoll closely misses you. x2
You hit the gnoll. Your grab misses the gnoll. You squeeze the gnoll!
The gnoll is severely wounded.
The gnoll closely misses you.
The gnoll hits you from afar with a +0 spear!
Ouch! That really hurt!
You are too injured to fight recklessly!
You are too injured to fight recklessly!
You are too injured to fight recklessly!
You are too injured to fight recklessly!
You are too injured to fight recklessly!
You are too injured to fight recklessly!
You are too injured to fight recklessly!
You are too injured to fight recklessly!
You are too injured to fight recklessly!
You are too injured to fight recklessly!
You are too injured to fight recklessly!
The gnoll attacks as you move away! The gnoll closely misses you.
You see here a +0 halberd.
The gnoll hits you with a +0 whip!
* * * LOW HITPOINT WARNING * * *
The ball python barely misses you. x2
The ball python bites you but does no damage.
The ball python barely misses you.
Found a stone staircase leading up.
The ball python misses you. The ball python closely misses you.
The ball python attacks as you move away!
The ball python misses you. The ball python barely misses you.
A ball python and a bat come into view.
The ball python bites you.
* * * LOW HITPOINT WARNING * * *
The ball python grabs you. The ball python constricts you.
You die...

#...##.
####.#>.#......#.b
...............#..
........#........
........#....:.#
#..#....<.#
##..#......#
#..........#<.
.#.#.##..@.......
.........S.......
##.#.##..........
...#.##g####.....
#.###.#gg## .###S
..#.......# #
#.......#
#.......#
..[.......#


You could see 3 gnolls, a bat (asleep) and 2 ball pythons.

Vanquished Creatures
  A gnoll (D:2)
  A dart slug (D:1)
  A giant cockroach (D:1)
  A hobgoblin (D:1)
  2 quokkas (D:1)
  A rat (D:1)
7 creatures vanquished.

Notes
Turn   | Place    | Note
-------+----------+-------------------------------------------
     0 | D:1      | sircluck the Octopode Brigand began the quest for the Orb.
     0 | D:1      | Reached XP level 1. HP: 14/14 MP: 1/1
   168 | D:1      | Reached XP level 2. HP: 19/19 MP: 2/2
   193 | D:1      | You fall into a shaft and drop 1 floor!
   201 | D:2      | Reached skill level 6 in Stealth
   207 | D:2      | Constricted to death by a ball python

Illustrated notes

Levels and vault maps discovered:
D:1:      ncdulo_smallfort, layout_loops_corners
D:2:      layout_rooms, serial_curves, eino_curves_04, eino_curves_04,
          eino_curves_04, eino_curves_02, uniq_crazy_yiuf_cottage, uniq_terence,
          uniq_jessica

Skill      XL: |  1  2 |
---------------+-------+-----
Stealth        | 6 |  6.3
Fighting       | |  2.1
Short Blades   | |  2.0
Throwing       | |  2.0
Dodging        | |  1.0

Action                     || total
---------------------------++-------
  Melee: Dagger            ||    10
         Tentacles         ||     3
         Constrict         ||     2
   Stab: Sleeping          ||     4
 Armour: Skin              ||     1
  Dodge: Dodged            ||    12

Table legend: (Time is in decaauts)
 A = Elapsed time spent in this place.
 B = Non-inter-level travel time spent in this place.
 C = Inter-level travel time spent in this place.
 D = Time resting spent in this place.
 E = Time spent auto-exploring this place.
 F = Levels seen in this place.
 G = Mean time per level.
                   A        B        C        D        E       F      G
               +--------+--------+--------+--------+--------+-----+--------+
         Total |    205 |    205 |      0 |      0 |    159 |   2 |  102.5 |
       Dungeon |    205 |    205 |      0 |      0 |    159 |   2 |  102.5 |
               +--------+--------+--------+--------+--------+-----+--------+

Top non-repeatable levels by time:
     D:1: 192 daAuts
     D:2: 13 daAuts
